BSA
TORONTO TITANS @ AUSTIN RIVER SHARKS
09/29/2024
 
TOP OF THE 1ST
Toronto Titans batting - Pitching for Austin River Sharks : RHP José Martínez
Pitching: RHP José Martínez
Batting: SHB Ryobe Yamamoto 0-0: Ball
1-0: Foul Ball, location: 2F
1-1: DOUBLE (Flyball, 78D)
Batting: RHB Gilberto López 0-0: Fly out, F8 (Flyball, 8RXD)
Runner from 2nd tags up, SAFE at 3rd, no throw
Batting: LHB Jorge Martínez 0-0: Foul Ball, location: 2F
0-1: Foul Ball, location: 2F
0-2: Ground out 1-3 (Groundball, 13)
Batting: LHB José Rodríguez 0-0: Ball
1-0: Called Strike
1-1: Fly out, F5 (Popup, 5F)
Top of the 1st over - 0 run(s), 1 hit(s), 0 error(s), 1 left on base; Toronto 0 - Austin 0
BOTTOM OF THE 1ST
Austin River Sharks batting - Pitching for Toronto Titans : RHP Daniel Grant
Pitching: RHP Daniel Grant
Batting: RHB Clark Hodge 0-0: Called Strike
0-1: Foul Ball, location: 2F
0-2: Foul Ball, location: 2F
0-2: Ball
1-2: Ball
2-2: Fly out, F3 (Line Drive, 3)
Batting: RHB Edouard Padovano 0-0: Ball
1-0: Foul Ball, location: 2F
1-1: Ball
2-1: Foul Ball, location: 2F
2-2: Foul Ball, location: 2F
2-2: Ball
3-2: Base on Balls
Batting: LHB Pedro Zaragoza 0-0: Foul Ball, location: 2F
0-1: Ball
1-1: Called Strike
1-2: Ball
2-2: Ball
3-2: Fielders Choice at 2nd, 3-6 (Groundball, 3)
Batting: LHB Roberto García 0-0: Ball
Pedro Zaragoza is caught stealing 2nd base
Bottom of the 1st over - 0 run(s), 0 hit(s), 0 error(s), 0 left on base; Toronto 0 - Austin 0
TOP OF THE 2ND
Toronto Titans batting - Pitching for Austin River Sharks : RHP José Martínez
Batting: LHB Lewis Barr 0-0: Called Strike
0-1: Ground out 4-3 (Groundball, 4)
Batting: LHB Kent MacDulothe 0-0: Ball
1-0: Called Strike
1-1: Ball
2-1: Foul Ball, location: 2F
2-2: Foul Ball, location: 2F
2-2: DOUBLE (Line Drive, 5D)
Batting: RHB Jim Tracy 0-0: Called Strike
Kent MacDulothe steals 3rd base
0-1: Foul Ball, location: 2F
0-2: Ball
1-2: Foul Ball, location: 2F
1-2: Reached on error, E5 (Groundball, 5S)
Kent MacDulothe scores
Batting: RHB Matt Doyle 0-0: Ball
1-0: Ball
2-0: Called Strike
2-1: Foul Ball, location: 2F
2-2: Foul Ball, location: 2F
2-2: Strikes out looking
Batting: RHB Manuel González 0-0: Called Strike
0-1: Called Strike
0-2: Ball
1-2: Ball
2-2: Strikes out swinging
Top of the 2nd over - 1 run(s), 1 hit(s), 1 error(s), 1 left on base; Toronto 1 - Austin 0
BOTTOM OF THE 2ND
Austin River Sharks batting - Pitching for Toronto Titans : RHP Daniel Grant
Batting: LHB Roberto García 0-0: Called Strike
0-1: Called Strike
0-2: Foul Ball, location: 2F
0-2: Fly out, F9 (Line Drive, 89M)
Batting: SHB Juan Castro 0-0: Ball
1-0: Foul Ball, location: 2F
1-1: Fly out, F8 (Flyball, 8LM)
Batting: RHB Rich Ruffin 0-0: Foul Ball, location: 2F
0-1: Ball
1-1: Foul Ball, location: 2F
1-2: Ball
2-2: Strikes out looking
Bottom of the 2nd over - 0 run(s), 0 hit(s), 0 error(s), 0 left on base; Toronto 1 - Austin 0
TOP OF THE 3RD
Toronto Titans batting - Pitching for Austin River Sharks : RHP José Martínez
Batting: SHB Ryobe Yamamoto 0-0: Fly out, F9 (Flyball, 9M)
Batting: RHB Gilberto López 0-0: Ball
1-0: Foul Ball, location: 2F
1-1: Ball
2-1: Ground out 6-3 (Groundball, 6M)
Batting: LHB Jorge Martínez 0-0: Foul Ball, location: 2F
0-1: Ball
1-1: Ball
2-1: Foul Ball, location: 2F
2-2: Fly out, F3 (Line Drive, 3)
Top of the 3rd over - 0 run(s), 0 hit(s), 0 error(s), 0 left on base; Toronto 1 - Austin 0
BOTTOM OF THE 3RD
Austin River Sharks batting - Pitching for Toronto Titans : RHP Daniel Grant
Batting: RHB Kenneth Roberts 0-0: DOUBLE (Line Drive, 5D)
Batting: RHB José Balina 0-0: Called Strike
0-1: SINGLE (Groundball, 6MD)
Kenneth Roberts to third
Batting: LHB Terry Maloney 0-0: Ball
1-0: Swinging Strike
1-1: Swinging Strike
1-2: Strikes out looking
Batting: RHB Clark Hodge 0-0: Ball
1-0: Swinging Strike
1-1: Ball
2-1: Ball
3-1: Foul Ball, location: 2F
3-2: Strikes out looking
Batting: RHB Edouard Padovano 0-0: Ball
1-0: Foul Ball, location: 2F
1-1: Fly out, F9 (Flyball, 9M)
Bottom of the 3rd over - 0 run(s), 2 hit(s), 0 error(s), 2 left on base; Toronto 1 - Austin 0
TOP OF THE 4TH
Toronto Titans batting - Pitching for Austin River Sharks : RHP José Martínez
Batting: LHB José Rodríguez 0-0: Ground out U3 (Groundball, 3)
Batting: LHB Lewis Barr 0-0: Ball
1-0: Ground out 5-3 (Groundball, 56S)
Batting: LHB Kent MacDulothe 0-0: Called Strike
0-1: Ball
1-1: Ground out 6-3 (Groundball, 6)
Top of the 4th over - 0 run(s), 0 hit(s), 0 error(s), 0 left on base; Toronto 1 - Austin 0
BOTTOM OF THE 4TH
Austin River Sharks batting - Pitching for Toronto Titans : RHP Daniel Grant
Batting: LHB Pedro Zaragoza 0-0: Called Strike
0-1: Ball
1-1: Fly out, F9 (Flyball, 89M)
Batting: LHB Roberto García 0-0: Ball
1-0: Ball
2-0: Ball
3-0: Called Strike
3-1: Base on Balls
Batting: SHB Juan Castro 0-0: Called Strike
0-1: Ball
1-1: 2-RUN HOME RUN (Flyball, 78XD), Distance : 395 ft
Batting: RHB Rich Ruffin 0-0: Called Strike
0-1: Ground out 1-3 (Groundball, 23)
Batting: RHB Kenneth Roberts 0-0: SOLO HOME RUN (Flyball, 89XD), Distance : 390 ft
Batting: RHB José Balina 0-0: Called Strike
0-1: Swinging Strike
0-2: Foul Ball, location: 2F
0-2: Fly out, F9 (Flyball, 9D)
Bottom of the 4th over - 3 run(s), 2 hit(s), 0 error(s), 0 left on base; Toronto 1 - Austin 3
TOP OF THE 5TH
Toronto Titans batting - Pitching for Austin River Sharks : RHP José Martínez
Batting: RHB Jim Tracy 0-0: Called Strike
0-1: Ball
1-1: Fly out, F9 (Line Drive, 89M)
Batting: RHB Matt Doyle 0-0: Ball
1-0: Foul Ball, location: 2F
1-1: Called Strike
1-2: Foul Ball, location: 2F
1-2: Strikes out swinging
Batting: RHB Manuel González 0-0: Ball
1-0: Called Strike
1-1: Foul Ball, location: 2F
1-2: Strikes out swinging
Top of the 5th over - 0 run(s), 0 hit(s), 0 error(s), 0 left on base; Toronto 1 - Austin 3
BOTTOM OF THE 5TH
Austin River Sharks batting - Pitching for Toronto Titans : RHP Daniel Grant
Batting: LHB Terry Maloney 0-0: Foul Ball, location: 2F
0-1: Foul Ball, location: 2F
0-2: Ball
1-2: Ball
2-2: Ball
3-2: SINGLE (Flyball, 78S)
Pitching: RHP Pablo Cabral
Batting: RHB Clark Hodge 0-0: Ball
1-0: Foul Ball, location: 2F
1-1: Swinging Strike
1-2: Ball
2-2: DOUBLE (Line Drive, 7D)
Terry Maloney to third
Batting: RHB Edouard Padovano 0-0: Ball
1-0: Ball
2-0: Swinging Strike
2-1: DOUBLE (Line Drive, 3L)
Terry Maloney scores
Clark Hodge scores
Batting: LHB Pedro Zaragoza 0-0: Swinging Strike
0-1: DOUBLE (Line Drive, 7LS)
Edouard Padovano scores
Batting: LHB Roberto García 0-0: Swinging Strike
0-1: Called Strike
0-2: Ball
1-2: Ball
2-2: Fly out, F8 (Flyball, 8RXD)
Runner from 2nd tags up, SAFE at 3rd, no throw
Pitching: RHP Dave Rhodes
Batting: SHB Juan Castro 0-0: Called Strike
0-1: Ball
1-1: Ball
2-1: Foul Ball, location: 2F
2-2: Ball
3-2: Ground out 4-3 (Groundball, 4)
Pedro Zaragoza scores
Batting: RHB Rich Ruffin 0-0: Called Strike
0-1: Called Strike
0-2: Ball
1-2: Foul Ball, location: 2F
1-2: Ball
2-2: Ball
3-2: Base on Balls
Batting: RHB Kenneth Roberts 0-0: Fielders Choice at 2nd, U6 (Groundball, 6M)
Bottom of the 5th over - 4 run(s), 4 hit(s), 0 error(s), 1 left on base; Toronto 1 - Austin 7
TOP OF THE 6TH
Toronto Titans batting - Pitching for Austin River Sharks : RHP José Martínez
Batting: SHB Ryobe Yamamoto 0-0: Ball
1-0: Ball
2-0: Called Strike
2-1: Foul Ball, location: 2F
2-2: Fly out, F7 (Line Drive, 78D)
Batting: RHB Gilberto López 0-0: Foul Ball, location: 2F
0-1: Ball
1-1: Ball
2-1: Called Strike
2-2: Ball
3-2: Fly out, F8 (Flyball, 8LM)
Batting: LHB Jorge Martínez 0-0: Ball
1-0: Ground out 3-1 (Groundball, 34)
Top of the 6th over - 0 run(s), 0 hit(s), 0 error(s), 0 left on base; Toronto 1 - Austin 7
BOTTOM OF THE 6TH
Austin River Sharks batting - Pitching for Toronto Titans : RHP Dave Rhodes
Batting: RHB José Balina 0-0: Ball
1-0: Called Strike
1-1: Ball
2-1: Foul Ball, location: 2F
2-2: Foul Ball, location: 2F
2-2: Ground out U3 (Groundball, 3S)
Pitching: RHP Roland Harrison
Batting: LHB Terry Maloney 0-0: Ground out 3-1 (Groundball, 34)
Batting: RHB Clark Hodge 0-0: Ball
1-0: Foul Ball, location: 2F
1-1: Ball
2-1: Swinging Strike
2-2: Ball
3-2: Strikes out swinging
Bottom of the 6th over - 0 run(s), 0 hit(s), 0 error(s), 0 left on base; Toronto 1 - Austin 7
TOP OF THE 7TH
Toronto Titans batting - Pitching for Austin River Sharks : RHP José Martínez
Batting: LHB José Rodríguez 0-0: Ball
1-0: Foul Ball, location: 2F
1-1: Fly out, F4 (Popup, 8LS)
Batting: LHB Lewis Barr 0-0: Fly out, F3 (Line Drive, 3)
Batting: LHB Kent MacDulothe 0-0: Called Strike
0-1: Called Strike
0-2: Ball
1-2: Ball
2-2: Strikes out swinging
Top of the 7th over - 0 run(s), 0 hit(s), 0 error(s), 0 left on base; Toronto 1 - Austin 7
BOTTOM OF THE 7TH
Austin River Sharks batting - Pitching for Toronto Titans : RHP Roland Harrison
Batting: RHB Edouard Padovano 0-0: Ball
1-0: Foul Ball, location: 2F
1-1: SINGLE (Groundball, 56D)
Batting: LHB Pedro Zaragoza 0-0: Called Strike
0-1: Grounds into double play, 1-4-3 (Groundball, 15S)
Batting: LHB Roberto García 0-0: Swinging Strike
0-1: Fly out, F7 (Flyball, 78D)
Bottom of the 7th over - 0 run(s), 1 hit(s), 0 error(s), 0 left on base; Toronto 1 - Austin 7
TOP OF THE 8TH
Toronto Titans batting - Pitching for Austin River Sharks : RHP José Martínez
Pitching: LHP Miguel Martínez
Batting: RHB Jim Tracy 0-0: Called Strike
0-1: Ball
1-1: Ball
2-1: SINGLE (Flyball, 7LM)
Batting: RHB Matt Doyle 0-0: 2-RUN HOME RUN (Flyball, 9D), Distance : 398 ft
Batting: RHB Manuel González 0-0: Fly out, F6 (Line Drive, 6)
Batting: SHB Ryobe Yamamoto 0-0: Ball
1-0: Foul Ball, location: 2F
1-1: Ball
2-1: Foul Ball, location: 2F
2-2: Strikes out looking
Batting: RHB Gilberto López 0-0: Swinging Strike
0-1: Ball
1-1: Ground out 6-3 (Groundball, 56)
Top of the 8th over - 2 run(s), 2 hit(s), 0 error(s), 0 left on base; Toronto 3 - Austin 7
BOTTOM OF THE 8TH
Austin River Sharks batting - Pitching for Toronto Titans : RHP Roland Harrison
Batting: SHB Juan Castro 0-0: Foul Ball, location: 2F
0-1: Ground out 3-1 (Groundball, 34S)
Pitching: LHP Roberto Vázquez
Batting: RHB Rich Ruffin 0-0: Called Strike
0-1: Foul Ball, location: 2F
0-2: Ball
1-2: Strikes out swinging
Batting: RHB Kenneth Roberts 0-0: Ball
1-0: Called Strike
1-1: Ball
2-1: Called Strike
2-2: Foul Ball, location: 2F
2-2: Ball
3-2: SINGLE (Groundball, 56D)
Batting: RHB José Balina 0-0: Ball
1-0: Called Strike
1-1: Ball
2-1: Ball
3-1: SINGLE (Groundball, 6MD)
Kenneth Roberts to second
Runner from 2nd tries for 3rd, SAFE, throw made to third
Batting: LHB Terry Maloney 0-0: Swinging Strike
0-1: Ball
1-1: Foul Ball, location: 2F
1-2: Foul Ball, location: 2F
1-2: Foul Ball, location: 2F
1-2: Foul Ball, location: 2F
1-2: Strikes out looking
Bottom of the 8th over - 0 run(s), 2 hit(s), 0 error(s), 2 left on base; Toronto 3 - Austin 7
TOP OF THE 9TH
Toronto Titans batting - Pitching for Austin River Sharks : LHP Miguel Martínez
Batting: LHB Jorge Martínez 0-0: Called Strike
0-1: Ball
1-1: Ball
2-1: Called Strike
2-2: Strikes out swinging
Batting: LHB José Rodríguez 0-0: Called Strike
0-1: Foul Ball, location: 2F
0-2: Strikes out swinging
Batting: LHB Lewis Barr 0-0: Called Strike
0-1: Called Strike
0-2: Strikes out swinging
Top of the 9th over - 0 run(s), 0 hit(s), 0 error(s), 0 left on base; Toronto 3 - Austin 7
This league is powered by Out of the Park Baseball, the baseball management simulation game for PC, Mac and Linux
Saturday, April 9th, 2016 - OOTP Baseball 16.8 Build 38